 Dungeon Crawl Stone Soup version 0.22-a0-423-g4197694 (webtiles) character file.

9718 emperorscorpion the Carver (level 11, -17/99 HPs)
             Began as a Minotaur Berserker on May 23, 2018.
             Was a High Priest of Trog.
             Demolished by an ettin
             ... wielding a +1 dire flail of draining
              (31 damage)
             ... on level 12 of the Dungeon.
             The game lasted 00:13:36 (7270 turns).

emperorscorpion the Carver (Minotaur Berserker)     Turns: 7270, Time: 00:13:37

Health: -17/99     AC: 22    Str: 21    XL:     11   Next: 26%
Magic:  3/3        EV:  8    Int:  4    God:    Trog [*****.]
Gold:   554        SH:  0    Dex: 14    Spells: 10/10 levels left

rFire    . . .     SeeInvis +   a - +2 great sword (antimagic)
rCold    . . .     Gourm    .   (shield currently unavailable)
rNeg     . . .     Faith    .   H - +3 plate armour
rPois    +         Spirit   .   (helmet restricted)
rElec    .         Reflect  .   (no cloak)
rCorr    .         Harm     .   G - +0 pair of gloves
MR       .....                  K - +2 pair of boots
Stlth    ..........             (no amulet)
HPRegen  0.26/turn              o - ring of see invisible
MPRegen  0.08/turn              v - ring of poison resistance

@: berserk cooldown, slowed, drained, very slow
A: retaliatory headbutt, horns 2
a: Berserk, Trog's Hand, Brothers in Arms, Renounce Religion


You were on level 12 of the Dungeon.
You worshipped Trog.
Trog was extremely pleased with you.
You were near starving.

You visited 1 branch of the dungeon, and saw 12 of its levels.

You collected 554 gold pieces.

Inventory:

Hand Weapons
 a - a +2 antimagic great sword (weapon)
 t - a +0 rapier
 u - a +0 blowgun
 y - a +1 dagger of draining
 L - a cursed +1 scimitar
 P - a +1 falchion
Missiles
 h - 7 needles of sleeping
 l - 9 tomahawks (quivered)
 s - 3 needles of paralysis
 A - 38 poisoned needles
 D - 3 javelins of returning
Armour
 b - a +0 animal skin
 g - a +0 chain mail
 k - a +0 buckler
 n - a +0 chain mail
 G - a +0 pair of gloves (worn)
 H - a +3 plate armour (worn)
 K - a +2 pair of boots (worn)
 M - the +0 buckler of Oblivion {-Cast rC+ Stlth+}
   (You found it on level 10 of the Dungeon)

   It protects you from cold.
   It prevents spellcasting.
   It makes you more stealthy.
Jewellery
 o - a ring of see invisible (left hand)
 v - a ring of poison resistance (right hand)
 C - an uncursed ring of flight
Wands
 z - a wand of acid (11)
 E - a wand of digging (7)
Scrolls
 e - a scroll of remove curse
 p - 4 scrolls of identify
 q - 5 scrolls of teleportation
 x - 3 scrolls of amnesia
 F - 3 scrolls of torment {unknown}
 J - a scroll of enchant weapon
Potions
 d - a potion of haste
 f - 2 potions of brilliance
 j - 3 potions of curing
 m - a potion of agility
 r - 3 potions of ambrosia
 w - a potion of mutation
 B - a potion of magic
 I - 2 potions of heal wounds
 O - 3 potions of degeneration {unknown}
Comestibles
 c - 6 rations


   Skills:
 + Level 10.0(8.9) Fighting
 + Level 14.5(13.3) Long Blades
 + Level 10.3(9.2) Armour
 + Level 4.4(3.5) Dodging
 + Level 1.3(0.4) Stealth
 - Level 4.0(3.1) Shields


You had 10 spell levels left.
You didn't know any spells.
Your spell library contained the following spells:

 Spells                   Type           Power        Failure   Level  Hunger
 Fireball                 Conj/Fire      #.........   100%        5    ######.
 Throw Flame              Conj/Fire      #.....       100%        2    ###....
 Olgreb's Toxic Radiance  Pois           #.......     100%        4    #####..
 Sticky Flame             Conj/Fire      #.......     100%        4    #####..
 Sting                    Conj/Pois      #...         100%        1    ##.....
 Sublimation of Blood     Necr           #.........   100%        2    ###....
 Flame Tongue             Conj/Fire      #....        100%        1    ##.....
 Ignite Poison            Fire/Tmut/Pois #.......     100%        3    ####...
 Alistair's Intoxication  Tmut/Pois      #.......     100%        5    ######.
 Petrify                  Tmut/Erth      #.......     100%        4    #####..
 Inner Flame              Hex/Fire       #.......     100%        3    ####...
 Irradiate                Conj/Tmut      #.........   100%        5    ######.


Dungeon Overview and Level Annotations

Branches:
Dungeon (12/15)            Temple (0/1) D:7             Orc (0/2) D:12
   Lair: D:8-11

Altars:
Dithmenos
Elyvilon
Fedhas
Hepliaklqana
Kikubaaqudgha
Okawaru
Qazlal
Ru
Vehumet

Shops:
D:12 [

Annotations:
D:8 Prince Ribbit


Innate Abilities, Weirdness & Mutations

You reflexively headbutt those who attack you in melee.
You have a pair of horns on your head.


Message History

Trog accepts your kill.
You feel a strong urge to attack something.
You are no longer berserk.
You are exhausted.
You feel yourself slow down.
You hit the ettin but do no damage.
The ettin hits you with a dire flail of draining.
You feel drained. The ettin hits you with a dire flail!!
Your plate armour prevents you from hitting the ettin.
You headbutt the ettin!
The ettin is moderately wounded.
The ettin hits you with a dire flail of draining!!!
* * * LOW HITPOINT WARNING * * *
You feel drained.
* * * LOW HITPOINT WARNING * * *
The ettin closely misses you.
Okay, then.
The ettin barely misses you. You furiously retaliate!
You headbutt the ettin! The ettin hits you with a dire flail!!
You die...

#### #....# #.# ...####
#....#####.#
......#############..........#
............................##
............................#
............................#
............................#
....>.......................#
...............C@.###.......#
###############...# #.......#
#.).# #.......# #<..#
#.......# #...# #.......#
#...# #.......# #####
#########


You could see an ettin.

Vanquished Creatures
  A two-headed ogre (D:9)
  An ugly thing (D:11)
  A cyclops (D:12)
  A centaur skeleton (D:12)
  A hornet (D:9)
  11 yaks
  A wyvern (D:8)
  Eustachio (D:5)
  Grum (D:11)
  4 vampire mosquitoes (D:12)
  An acid dragon (D:11)
  A water moccasin (D:10)
  An ice beast (D:8)
  6 orc warriors
  5 sky beasts
  2 black bears (D:11)
  2 phantoms
  4 wolves
  3 ogres
  4 centaurs
  A big kobold (D:9)
  10 bullfrogs
  A water moccasin skeleton (D:4)
  3 scorpions
  4 wights (D:10)
  8 howler monkeys
  2 crimson imps
  A centaur zombie (D:5)
  A bullfrog zombie (D:9)
  2 bullfrog skeletons
  A jelly (D:10)
  4 hounds
  4 orc priests
  A gnoll shaman (D:4)
  Jessica (D:2)
  4 iguanas
  9 orc wizards
  5 worker ants
  A killer bee zombie (D:9)
  3 hound skeletons
  A mummy (D:5)
  A howler monkey zombie (D:6)
  3 worker ant zombies
  12 adders
  7 gnolls
  2 shadow imps (D:5)
  An adder zombie (D:2)
  A worm (D:5)
  4 dart slugs
  6 leopard geckos
  44 orcs
  A ball python (D:6)
  6 giant cockroaches
  3 hobgoblins (D:2)
  2 jackals (D:7)
  4 quokkas
  2 bats
  5 frilled lizards
  2 goblins
  4 kobolds
  A quokka skeleton (D:4)
  5 rats
235 creatures vanquished.

Vanquished Creatures (others)
  2 fungi (D:11)
2 creatures vanquished.

Grand Total: 237 creatures vanquished

Notes
Turn   | Place    | Note
-------+----------+-------------------------------------------
     0 | D:1      | emperorscorpion the Minotaur Berserker began the quest for the Orb.
     0 | D:1      | Reached XP level 1. HP: 19/19 MP: 0/0
   174 | D:2      | Reached XP level 2. HP: 26/27 MP: 1/1
   245 | D:2      | Reached skill level 4 in Long Blades
   432 | D:2      | Reached XP level 3. HP: 31/33 MP: 2/2
   544 | D:2      | Reached ** piety under Trog
   552 | D:2      | Noticed Jessica
   557 | D:2      | Killed Jessica
   557 | D:2      | Reached XP level 4. HP: 38/41 MP: 3/3
   793 | D:3      | Reached skill level 5 in Long Blades
   896 | D:4      | Reached XP level 5. HP: 47/47 MP: 4/4
   902 | D:4      | Reached skill level 6 in Long Blades
   908 | D:4      | Reached XP level 6. HP: 53/53 MP: 5/5
  1100 | D:4      | Reached skill level 7 in Long Blades
  1101 | D:4      | Reached *** piety under Trog
  1378 | D:5      | Entered Level 5 of the Dungeon
  1429 | D:5      | Received a gift from Trog
  1444 | D:5      | Noticed a sky beast
  1449 | D:5      | Killed a sky beast
  1449 | D:5      | Reached skill level 5 in Fighting
  1451 | D:5      | Reached skill level 8 in Long Blades
  1451 | D:5      | Reached XP level 7. HP: 61/61 MP: 6/6
  1516 | D:5      | Found a white marble altar of Elyvilon.
  1980 | D:5      | Noticed Eustachio
  1988 | D:5      | Killed Eustachio
  1988 | D:5      | Reached skill level 9 in Long Blades
  1988 | D:5      | Reached skill level 1 in Shields
  2206 | D:6      | Reached XP level 8. HP: 70/70 MP: 7/7
  2212 | D:6      | Reached skill level 5 in Armour
  2453 | D:5      | Reached skill level 10 in Long Blades
  2722 | D:7      | Found a staircase to the Ecumenical Temple.
  3256 | D:8      | Reached **** piety under Trog
  3298 | D:8      | Received a gift from Trog
  3430 | D:8      | Reached skill level 1 in Stealth
  3430 | D:8      | Reached XP level 9. HP: 44/78 MP: 8/8
  3627 | D:8      | Reached skill level 11 in Long Blades
  3666 | D:8      | Noticed Prince Ribbit
  4940 | D:9      | Found a sacrificial altar of Ru.
  4941 | D:9      | Found an iron altar of Okawaru.
  4946 | D:10     | Entered Level 10 of the Dungeon
  4946 | D:10     | Found a hazy altar of Hepliaklqana.
  5117 | D:9      | Noticed a two-headed ogre
  5124 | D:9      | Killed a two-headed ogre
  5124 | D:9      | Reached skill level 12 in Long Blades
  5124 | D:9      | Reached XP level 10. HP: 88/88 MP: 9/9
  5209 | D:9      | Found a stormy altar of Qazlal.
  5213 | D:9      | Found a blossoming altar of Fedhas.
  5213 | D:9      | Found a shadowy altar of Dithmenos.
  5229 | D:9      | Found an ancient bone altar of Kikubaaqudgha.
  5229 | D:9      | Found a radiant altar of Vehumet.
  5588 | D:10     | Got a jewelled buckler
  5599 | D:10     | Identified the cursed +0 buckler of Oblivion {-Cast rC+ Stlth+} (You found it on level 10 of the Dungeon)
  5695 | D:10     | Reached ***** piety under Trog
  5767 | D:10     | Reached skill level 13 in Long Blades
  5871 | D:11     | Noticed Grum
  6018 | D:11     | Killed Grum
  6055 | D:11     | Identified Oskomn's Reference Book on Toxins and Fire
  6065 | D:11     | Received a gift from Trog
  6116 | D:11     | Reached skill level 14 in Long Blades
  6454 | D:11     | Reached XP level 11. HP: 96/97 MP: 3/10
  6584 | D:11     | Noticed a purple ugly thing
  6593 | D:11     | Killed a purple ugly thing
  6593 | D:11     | Reached skill level 10 in Armour
  6666 | D:12     | Found Joghu's Armour Emporium.
  6670 | D:12     | Found a staircase to the Orcish Mines.
  7055 | D:12     | Reached skill level 10 in Fighting
  7128 | D:12     | Noticed an ettin
  7270 | D:12     | Demolished by an ettin

Vault maps used:
D:1:      dpeg_arrival_prison, hangedman_feature_mirror, lemuel_old_faithful
D:2:      xom_redecorated, hangedman_decor_opposing, uniq_jessica
D:3:      first_ration, guppyfry_early_lair_pool, uniq_crazy_yiuf_cottage,
          uniq_purgy
D:5:      gammafunk_temple_overflow_elements, lemuel_doored_altar,
          gup_ossuary_entry_pyramid, uniq_eustachio
D:6:      cheibrodos_quashed
D:7:      temple_statues, uniq_pikel
D:8:      uniq_prince_ribbit1
D:9:      grunt_temple_overflow_open
D:10:     basic_altar
D:11:     grunt_lair_entry_orc_guard_hut, uniq_grum
D:12:     giant_chief_lemuel, orc_david_3

Skill      XL: |  1  2  3  4  5  6  7  8  9 10 11 |
---------------+----------------------------------+-----
Fighting       | 4 5 6 8 9 10 | 10.0
Long Blades    | 4 5 6 8 9 10 12 14 | 14.5
Armour         | 3 4 6 8 9 10 | 10.3
Shields        | 1 2 4 |  4.0
Dodging        | 3 4 |  4.4
Stealth        | 1 |  1.3

Action                   |  1- 3 |  4- 6 |  7- 9 | 10-12 || total
-------------------------+-------+-------+-------+-------++-------
Melee: Falchion          |    64 |    79 |   354 |   244 ||   741
       Headbutt          |     5 |    24 |    81 |    85 ||   195
       Great sword       |       |       |       |    73 ||    73
Invok: Berserk           |       |     3 |     7 |     8 ||    18
       Trog's Hand       |       |       |       |     1 ||     1
  Use: Scroll            |       |       |    14 |     3 ||    17
 Stab: Sleeping          |     1 |       |       |       ||     1
  Eat: Chunk             |       |     4 |    18 |    15 ||    37
Armor: Animal skin       |     3 |       |       |       ||     3
       Chain mail        |    30 |    29 |   124 |       ||   183
       Plate armour      |       |       |       |   175 ||   175
Dodge: Dodged            |    29 |    38 |   106 |   113 ||   286
Block: Buckler           |       |     7 |    50 |    40 ||    97
       Rpst.: Falchion   |     3 |    15 |    22 |    19 ||    59
       Great sword       |       |       |       |    10 ||    10

Table legend:
 A = Spawn XP
 B = Non-spawn XP
 C = Spawn XP percentage of total XP
 D = Spawn monster count
 E = Non-spawn monster count
 F = Spawn count percentage of total count
 G = Total turns spent on level
                    A         B        C        D         E        F      G
               +---------+---------+-------+---------+---------+-------+---------
         Total |       0 |   13883 |   0.0 |       0 |     235 |   0.0 |  7270
               +---------+---------+-------+---------+---------+-------+---------
           D:1 |       0 |       7 |   0.0 |       0 |       4 |   0.0 |   183
           D:2 |       0 |     108 |   0.0 |       0 |      24 |   0.0 |   530
           D:3 |       0 |      55 |   0.0 |       0 |       7 |   0.0 |   166
           D:4 |       0 |     379 |   0.0 |       0 |      26 |   0.0 |   608
           D:5 |       0 |     656 |   0.0 |       0 |      17 |   0.0 |   796
           D:6 |       0 |     823 |   0.0 |       0 |      15 |   0.0 |   424
           D:7 |       0 |     427 |   0.0 |       0 |       9 |   0.0 |   808
           D:8 |       0 |     989 |   0.0 |       0 |      23 |   0.0 |  1133
           D:9 |       0 |    2433 |   0.0 |       0 |      28 |   0.0 |   635
          D:10 |       0 |    2702 |   0.0 |       0 |      29 |   0.0 |   663
          D:11 |       0 |    3099 |   0.0 |       0 |      31 |   0.0 |   729
          D:12 |       0 |    2205 |   0.0 |       0 |      22 |   0.0 |   595
               +---------+---------+-------+---------+---------+-------+---------
